 Dungeon Crawl Stone Soup version 0.31-a0-230-g09eb5fc4d3 (webtiles) character file.

Game seed: 10526052950614702841

3270 qw the Skirmisher (level 10, -1/64 HPs)
             Began as a Gargoyle Hexslinger on July 6, 2023.
             Slain by a two-headed ogre
             ... wielding a +0 giant club
              (4 damage)
             ... on level 9 of the Dungeon.
             The game lasted 00:04:35 (9136 turns).

qw the Skirmisher (Gargoyle Hexslinger)             Turns: 9136, Time: 00:04:35

Health: -1/64      AC: 15    Str: 11    XL:     10   Next: 0%
Magic:  0/11       EV: 13    Int: 13    God:
Gold:   451        SH:  0    Dex: 16    Spells: 10/11 levels left

rFire   + . .        o - +0 arbalest
rCold   + . .        (shield currently unavailable)
rNeg    + . .        p - +2 robe {Will+}
rPois   inf          e - +0 helmet
rElec   +            (no cloak)
rCorr   .            j - +0 pair of gloves
SInv    .            (no boots)
Will    +....        c - amulet of guardian spirit
Stlth   +            g - ring of protection from fire
HPRegen 0.30/turn    i - ring of protection from cold
MPRegen 0.12/turn

%: guardian spirit
@: about to teleport
A: sickness immunity, AC +7, negative energy resistance 1, electricity
resistance, torment resistance 1, petrification resistance, hooves 1, iridescent
scales 1, dopey 1, wild magic 1
a: no special abilities


You were on level 9 of the Dungeon.
You visited 2 branches of the dungeon, and saw 10 of its levels.
You also visited: Sewer.

You collected 554 gold pieces.
You spent 103 gold pieces at shops.


Innate Abilities, Weirdness & Mutations

You are immune to sickness and miasma.
Your stone body is resilient. (AC +7)
You are immune to poison.
You resist negative energy. (rN+)
You are resistant to electric shocks. (rElec)
You are resistant to unholy torment.
You are immune to petrification.
You have large cloven feet.
You are partially covered in iridescent scales. (AC +2)
You are dopey. (Int -2)
Your spells are a little harder to cast, but a little more powerful.


   Skills:
 - Level 8.3 Fighting
 + Level 11.1 Ranged Weapons
 - Level 1.0 Armour
 - Level 3.1 Dodging
 - Level 1.0 Spellcasting
 - Level 2.6 Hexes


You had 10 spell levels left.
You knew the following spells:

 Your Spells              Type           Power      Damage    Failure   Level
a - Slow                  Hex            36%        N/A       14%         1

Your spell library contained the following spells:

 Spells                   Type           Power      Damage    Failure   Level
 Inner Flame              Hex/Fire       5%         N/A       52%         3
 Portal Projectile        Hex/Tloc       10%        N/A       52%         3
 Cause Fear               Hex            4%         N/A       75%         4

Inventory:

Hand Weapons
 o - a +0 arbalest (weapon)
Armour
 e - a +0 helmet (worn)
 j - a +0 pair of gloves (worn)
 m - +0 steam dragon scales
 p - a +2 robe of willpower (worn)
Jewellery
 c - an amulet of guardian spirit (around neck)
 g - a ring of protection from fire (left hand)
 i - a ring of protection from cold (right hand)
Scrolls
 h - 3 scrolls of identify
Potions
 a - 3 potions of curing
 b - 3 potions of might
 d - 2 potions of mutation
 k - a potion of resistance
 l - 4 potions of haste
 n - a potion of cancellation
 q - a potion of enlightenment
 r - 3 potions of heal wounds

Dungeon Overview and Level Annotations

Branches:
Dungeon (9/15)             Temple (1/1) D:7            Lair (0/5) D:8
  Sewer (visited)
    Orc: D:9-12

Altars:
Ashenzari
Cheibriados
Dithmenos
Elyvilon
Fedhas
Gozag
Hepliaklqana
Makhleb
Nemelex Xobeh
Ru
Sif Muna
Trog
Uskayaw
Vehumet
Wu Jian
Xom
Yredelemnul
Zin
The Shining One

Shops:
D:4 [

Annotations:
D:8 2 runed translucent doors


Message History

You shoot a bolt. The bolt hits the howler monkey.
The howler monkey is almost dead.
The howler monkey barely misses you.
You shoot a bolt. The bolt hits the howler monkey!
You kill the howler monkey!
You have reached level 10!
You shoot a bolt. The bolt hits the two-headed ogre.
The two-headed ogre is lightly wounded.
The two-headed ogre hits you with a +0 giant club!!
The two-headed ogre hits you but does no damage.
You shoot a bolt.
The bolt barely misses the two-headed ogre.
The two-headed ogre hits you but does no damage.
The two-headed ogre closely misses you.
You shoot a bolt. The bolt hits the two-headed ogre.
The two-headed ogre is lightly wounded.
The two-headed ogre closely misses you. The two-headed ogre barely misses you.
You shoot a bolt.
The bolt barely misses the two-headed ogre.
The two-headed ogre hits you with a +0 giant club.
The two-headed ogre hits you with a +0 giant spiked club.
You shoot a bolt. The bolt hits the two-headed ogre!
The two-headed ogre is moderately wounded.
The two-headed ogre closely misses you. x2
You shoot a bolt. The bolt hits the two-headed ogre.
The two-headed ogre is heavily wounded.
You shoot a bolt. The bolt hits the two-headed ogre.
The two-headed ogre is heavily wounded.
The two-headed ogre closely misses you.
The two-headed ogre hits you with a +0 giant spiked club!
You shoot a bolt. The bolt hits the two-headed ogre.
The two-headed ogre is heavily wounded.
The two-headed ogre hits you with a +0 giant club!
The two-headed ogre hits you with a +0 giant spiked club!
9136 ||| READING scroll of teleportation.
As you read the scroll of teleportation, it crumbles to dust.
You feel strangely unstable. The two-headed ogre barely misses you.
The two-headed ogre hits you with a +0 giant spiked club.
You die...

+.........
###........##
#...<.......##
#...........'.
#...../.....#
.#...........#
........O....#
.......@# .#
#.#####.# .#
#)##.## #####
#.....# ....#
.#######...#
....#
.$.........#
....#
#######.####
....# #.#
....# #.#


You could see a two-headed ogre.

Vanquished Creatures
  A gargoyle (D:9)
  A steam dragon (D:7)
  2 water moccasins (D:6)
  2 orc warriors
  3 black bears
  An ice beast (D:7)
  3 kobold brigands
  A gnoll sergeant (D:5)
  2 bullfrogs
  7 scorpions (D:5)
  6 killer bees (D:8)
  5 howler monkeys
  A jelly (D:6)
  3 orc priests
  A gnoll bouda (D:7)
  An iguana (D:7)
  6 orc wizards
  A sleepcap (D:7)
  9 gnolls
  3 river rats (Sewer)
  13 adders
  4 shadow imps
  A white imp (D:6)
  3 ufetubi
  3 worms
  4 dart slugs
  30 orcs
  15 ball pythons
  13 bats
  11 endoplasms
  3 giant cockroaches
  6 hobgoblins
  4 jackals (D:3)
  5 quokkas
  6 frilled lizards
  7 goblins
  29 kobolds
  28 rats
244 creatures vanquished.

Vanquished Creatures (others)
  A kobold (D:7)
1 creature vanquished.

Grand Total: 245 creatures vanquished

Notes
Turn   | Place    | Note
-------+----------+-------------------------------------------
     0 | D:1      | qw the Gargoyle Hexslinger began the quest for the Orb.
     0 | D:1      | Reached XP level 1. HP: 12/12 MP: 2/2
     0 | D:1      | 0 ||| qw: Version: 0.3-a-46-gb1f654a
     0 | D:1      | 0 ||| qw: Game counter: 1738
     0 | D:1      | 0 ||| qw: Melee chars always use a shield: true
     0 | D:1      | 0 ||| qw: God list: Okawaru
     0 | D:1      | 0 ||| qw: Allow faded altars: false
     0 | D:1      | 0 ||| qw: Do Orc after clearing Dungeon:15 true
     0 | D:1      | 0 ||| qw: Do second Lair branch before Depths: true
     0 | D:1      | 0 ||| qw: Lair rune preference: random
     0 | D:1      | 0 ||| qw: Goals: Normal
     0 | D:1      | 0 ||| PLANNING D:1-11
   119 | D:1      | Reached XP level 2. HP: 12/16 MP: 3/3
   119 | D:1      | 119 ||| FLEEEEING.
   120 | D:1      | 120 ||| FLEEEEING.
   339 | D:1      | Reached skill level 3 in Ranged Weapons
   551 | D:1      | Reached XP level 3. HP: 16/21 MP: 4/4
   668 | D:1      | 668 ||| UPGRADING to +0 helmet.
   673 | D:1      | 673 ||| UPGRADING to +0 ring mail.
   683 | D:1      | 683 ||| DROPPING +0 robe.
   684 | D:1      | 684 ||| DROPPING scroll of poison.
   861 | D:2      | Reached skill level 1 in Armour
  1202 | D:2      | 1202 ||| UPGRADING to amulet of guardian spirit.
  1207 | D:2      | 1207 ||| READING scroll labelled FAATIENAHI.
  1208 | D:2      | 1208 ||| READING scroll labelled TION HAMIO.
  1209 | D:2      | 1209 ||| READING scroll labelled IGU NALLIEHOSCH.
  1210 | D:2      | 1210 ||| READING scroll labelled FAREAD WUADUG.
  1211 | D:2      | 1211 ||| READING scroll labelled AFADO GAPOU.
  1233 | D:2      | Reached XP level 4. HP: 26/26 MP: 3/5
  1582 | D:2      | 1582 ||| READING scroll labelled HEPROINTUCS.
  1619 | D:3      | 1619 ||| PLANNING SEWER
  1656 | D:3      | Reached skill level 4 in Ranged Weapons
  1665 | D:3      | Found a faded altar of an unknown god.
  1666 | D:3      | Noticed a golden eye
  1673 | D:3      | Noticed a golden eye
  1679 | D:3      | Noticed a floating eye
  1741 | D:3      | Found a burning altar of Makhleb.
  1744 | D:3      | Found a shimmering altar of Xom.
  1747 | D:3      | Found a shadowy altar of Dithmenos.
  1766 | D:3      | Found a glowing drain.
  1784 | D:3      | 1784 ||| READING 2 scrolls of identify.
  1784 | D:3      | 1784 ||| IDENTIFYING brown potion
  1787 | D:3      | 1787 ||| Stepping ~*~*~tactically~*~*~ (water).
  1790 | D:3      | 1790 ||| Stepping ~*~*~tactically~*~*~ (water).
  1792 | D:3      | 1792 ||| Stepping ~*~*~tactically~*~*~ (water).
  1806 | Sewer    | Entered a sewer
  1891 | Sewer    | Reached XP level 5. HP: 21/30 MP: 2/6
  2001 | Sewer    | Noticed a kobold brigand
  2022 | Sewer    | Killed a kobold brigand
  2023 | Sewer    | Reached skill level 5 in Ranged Weapons
  2119 | Sewer    | 2119 ||| Stepping ~*~*~tactically~*~*~ (water).
  2143 | Sewer    | 2143 ||| Stepping ~*~*~tactically~*~*~ (water).
  2225 | Sewer    | Reached XP level 6. HP: 36/36 MP: 7/7
  2436 | Sewer    | 2436 ||| READING scroll labelled JEOCHO QUWAOPN.
  2437 | Sewer    | 2437 ||| DRINKING 4 grey potions.
  2437 | Sewer    | Gained mutation: You are occasionally teleported next to
                  | monsters. [potion of mutation]
  2438 | Sewer    | 2438 ||| DRINKING 3 potions of mutation.
  2438 | Sewer    | Lost mutation: You are occasionally teleported next to
                  | monsters. [potion of mutation]
  2438 | Sewer    | Gained mutation: You are partially covered in iridescent
                  | scales. (AC +2) [potion of mutation]
  2438 | Sewer    | Gained mutation: You are dopey. (Int -2) [potion of
                  | mutation]
  2438 | Sewer    | Gained mutation: You have hidden genetic potential. [potion
                  | of mutation]
  2473 | D:3      | 2473 ||| PLANNING D:1-11
  2571 | D:3      | You fall into a shaft and drop 2 floors!
  2571 | D:5      | Entered Level 5 of the Dungeon
  2571 | D:5      | Found a sparkling altar of Nemelex Xobeh.
  2597 | D:5      | Reached skill level 3 in Fighting
  2605 | D:5      | 2605 ||| DRINKING 2 fuming black potions.
  2606 | D:5      | 2606 ||| DRINKING 2 clear potions.
  2607 | D:5      | 2607 ||| DROPPING potion of attraction.
  2730 | D:4      | 2730 ||| UPGRADING to ring of protection from fire.
  3158 | D:3      | Noticed a golden eye
  3426 | D:3      | 3426 ||| READING scroll labelled ZUSMYH KUSOBLI.
  3430 | D:3      | 3430 ||| DRINKING 2 fizzy orange potions.
  3431 | D:3      | 3431 ||| READING 2 scrolls of identify.
  3431 | D:3      | 3431 ||| IDENTIFYING glowing dark potion
  3467 | D:4      | 3467 ||| STAIRDANCE
  3515 | D:4      | 3515 ||| STAIRDANCE
  3584 | D:4      | 3584 ||| STAIRDANCE
  3671 | D:4      | 3671 ||| STAIRDANCE
  3791 | D:4      | 3791 ||| DRINKING 2 potions of curing.
  3791 | D:4      | 3791 ||| (to cure confusion)
  3795 | D:4      | Reached skill level 6 in Ranged Weapons
  3878 | D:4      | Found a basalt altar of Yredelemnul.
  3938 | D:4      | Found a white marble altar of Elyvilon.
  4111 | D:4      | Found Intuokk's Antique Armour Shoppe.
  4114 | D:4      | 4114 ||| BUYING embroidered robe (103 gold).
  4114 | D:4      | Bought an embroidered robe for 103 gold pieces
  4238 | D:4      | 4238 ||| UPGRADING to +2 robe of willpower.
  4248 | D:4      | 4248 ||| DROPPING +0 ring mail.
  4249 | D:4      | 4249 ||| UPGRADING to ring of protection from cold.
  4494 | D:5      | HP: 9/38 [gnoll sergeant/+0 trident (11)]
  4495 | D:5      | 4495 ||| DRINKING potion of heal wounds.
  4499 | D:5      | Reached XP level 7. HP: 28/43 MP: 4/8
  4502 | D:5      | 4502 ||| FLEEEEING.
  4503 | D:5      | 4503 ||| FLEEEEING.
  4504 | D:5      | 4504 ||| FLEEEEING.
  4505 | D:5      | 4505 ||| FLEEEEING.
  4506 | D:5      | 4506 ||| FLEEEEING.
  4506 | D:5      | Gained mutation: You have large cloven feet. [hidden
                  | potential]
  4507 | D:5      | 4507 ||| FLEEEEING.
  4508 | D:5      | 4508 ||| FLEEEEING.
  4509 | D:5      | 4509 ||| FLEEEEING.
  4510 | D:5      | 4510 ||| FLEEEEING.
  4511 | D:5      | 4511 ||| FLEEEEING.
  4512 | D:5      | 4512 ||| FLEEEEING.
  4513 | D:5      | 4513 ||| FLEEEEING.
  4514 | D:5      | 4514 ||| FLEEEEING.
  4515 | D:5      | 4515 ||| FLEEEEING.
  4516 | D:5      | 4516 ||| FLEEEEING.
  4517 | D:5      | 4517 ||| FLEEEEING.
  4518 | D:5      | 4518 ||| FLEEEEING.
  4519 | D:5      | 4519 ||| STAIRDANCE
  4592 | D:4      | 4592 ||| DROPPING +6 ring of intelligence.
  4597 | D:5      | 4597 ||| STAIRDANCE
  4800 | D:5      | Identified the +11 long sword of the Hand {heavy, Fragile
                  | Int+5 Dex+3}
  4879 | D:5      | Reached skill level 7 in Ranged Weapons
  5013 | D:5      | Reached skill level 8 in Ranged Weapons
  5071 | D:5      | Reached XP level 8. HP: 45/48 MP: 7/9
  5445 | D:5      | Gained mutation: Your spells are a little harder to cast,
                  | but a little more powerful. [hidden potential]
  5445 | D:5      | Lost mutation: You have hidden genetic potential. [hidden
                  | potential expressed]
  5840 | D:5      | 5840 ||| UPGRADING to +0 pair of gloves.
  5845 | D:5      | 5845 ||| READING scroll labelled ZUMETA SUSI.
  6012 | D:6      | Reached skill level 9 in Ranged Weapons
  6061 | D:6      | Identified the +0 leather armour "Miahuusch" {Harm}
  6375 | D:6      | Reached skill level 6 in Fighting
  6376 | D:6      | 6376 ||| FLEEEEING.
  6381 | D:6      | 6381 ||| FLEEEEING.
  6382 | D:6      | 6382 ||| FLEEEEING.
  6383 | D:6      | 6383 ||| FLEEEEING.
  6384 | D:6      | 6384 ||| FLEEEEING.
  6385 | D:6      | 6385 ||| FLEEEEING.
  6386 | D:6      | 6386 ||| FLEEEEING.
  6387 | D:6      | 6387 ||| FLEEEEING.
  6388 | D:6      | 6388 ||| FLEEEEING.
  6389 | D:6      | 6389 ||| FLEEEEING.
  6394 | D:6      | 6394 ||| FLEEEEING.
  6395 | D:6      | 6395 ||| FLEEEEING.
  6396 | D:6      | 6396 ||| FLEEEEING.
  6397 | D:6      | 6397 ||| FLEEEEING.
  6624 | D:6      | Found a radiant altar of Vehumet.
  6624 | D:6      | Found a sacrificial altar of Ru.
  6784 | D:6      | Reached XP level 9. HP: 56/56 MP: 10/10
  7059 | D:6      | 7059 ||| DROPPING +0 leather armour "Miahuusch" {Harm}.
  7060 | D:6      | 7060 ||| READING scroll labelled SUVVUA JYGGIST.
  7061 | D:6      | 7061 ||| READING scroll labelled CEPAHE JIEDWIL.
  7062 | D:6      | 7062 ||| DRINKING 3 fuming pink potions.
  7063 | D:6      | 7063 ||| READING 2 scrolls of identify.
  7063 | D:6      | 7063 ||| IDENTIFYING murky inky potion
  7064 | D:6      | 7064 ||| DROPPING 2 potions of degeneration.
  7098 | D:7      | Reached skill level 10 in Ranged Weapons
  7181 | D:7      | 7181 ||| Stepping ~*~*~tactically~*~*~ (outnumbered).
  7189 | D:7      | 7189 ||| FLEEEEING.
  7190 | D:7      | 7190 ||| FLEEEEING.
  7191 | D:7      | 7191 ||| FLEEEEING.
  7525 | D:7      | Found a staircase to the Ecumenical Temple.
  7526 | D:7      | 7526 ||| PLANNING TEMPLE
  7526 | D:7      | 7526 ||| READING scroll labelled FUFRUSHRUMME.
  7527 | D:7      | 7527 ||| READING 2 scrolls of identify.
  7527 | D:7      | 7527 ||| IDENTIFYING golden potion
  7528 | D:7      | 7528 ||| DROPPING potion of magic.
  7535 | Temple   | Entered the Ecumenical Temple
  7709 | Temple   | 7709 ||| PLANNING D:1-11
  7807 | D:7      | Found a broken altar of Ashenzari.
  7942 | D:7      | Reached skill level 3 in Dodging
  8121 | D:8      | Found a staircase to the Lair.
  8146 | D:8      | Found a shimmering blue altar of Sif Muna.
  8321 | D:8      | 8321 ||| DRINKING 3 potions of curing.
  8321 | D:8      | 8321 ||| (to cure confusion)
  8323 | D:8      | Reached skill level 11 in Ranged Weapons
  8470 | D:8      | 8470 ||| SWAPPING to +0 arbalest.
  8471 | D:8      | 8471 ||| DROPPING +2 sling of flaming.
  8549 | D:8      | Found a large runed translucent door.
  8551 | D:8      | Found a large runed translucent door.
  8907 | D:8      | 8907 ||| DRINKING 2 lumpy blue potions.
  8908 | D:8      | 8908 ||| READING 4 scrolls of identify.
  8908 | D:8      | 8908 ||| IDENTIFYING puce potion
  8992 | D:9      | Noticed a gargoyle
  9000 | D:9      | Killed a gargoyle
  9123 | D:9      | Noticed a two-headed ogre
  9128 | D:9      | Reached XP level 10. HP: 63/64 MP: 11/11
  9135 | D:9      | HP: 11/64 [two-headed ogre/+0 giant club (10)]
  9135 | D:9      | HP: 2/64 [two-headed ogre/+0 giant club (9)]
  9136 | D:9      | 9136 ||| READING scroll of teleportation.
  9136 | D:9      | Slain by a two-headed ogre

Levels and vault maps discovered:
D:1:      grunt_arrival_crossed_arrows, layout_loops_cross, hex_large,
          minivault_23, minmay_splitting_lines, nicolae_twisty_statue_hallways
D:2:      layout_loops_cross, minmay_puff
D:3:      layout_basic, minmay_overflow_temple_star_quad,
          hellmonk_ecumenical_altar_watching_god, cheibrodos_sewer_entry_bend,
          chequers_arboretum, minmay_door_square, uniq_crazy_yiuf_cottage
D:4:      layout_basic, kennysheep_ying_yang, serial_shops, kennysheep_mini
D:5:      old_forge, layout_loops_corners, mainiacjoe_overflow_small_starburst,
          hangedman_minor_gate_pass
D:6:      layout_basic, jmf_multi_god_temple
D:7:      layout_basic, nicolae_ashenzari_panopticon, temple_statues
D:8:      layout_loops_cross, old_standard_altar, jmf_multi_god_temple2,
          lair_entry_dummy
D:9:      layout_basic, hellmonk_bongcloud_opening
Temple:   grunt_temple_mini_profane

Skill      XL: |  1  2  3  4  5  6  7  8  9 |
---------------+----------------------------+-----
Ranged Weapons | 3 4 5 6 8 9 11 | 11.1
Fighting       | 2 4 6 8 |  8.3
Armour         | 1 |  1.0
Dodging        | 2 3 |  3.1
Spellcasting   | |  1.0
Hexes          | |  2.6

Action                     |  1- 3 |  4- 6 |  7- 9 | 10-12 || total
---------------------------+-------+-------+-------+-------++-------
   Fire: Sling             |   130 |   387 |   612 |       ||  1129
         Arbalest          |       |       |    22 |     8 ||    30
    Use: Scroll            |     5 |     5 |     7 |     1 ||    18
         Potion            |       |     7 |     3 |       ||    10
 Armour: Robe              |     9 |     7 |   277 |     2 ||   295
         Ring mail         |    22 |   175 |       |       ||   197
  Dodge: Dodged            |    31 |   179 |   361 |     7 ||   578

Table legend:
 A = Non-vault XP
 B = Vault XP
 C = Vault XP percentage of total XP
 D = Non-vault monster count
 E = Vault monster count
 F = Vault count percentage of total count
                 A         B        C        D         E       F
            +---------+---------+-------+---------+---------+-------
      Total |    3689 |     983 |  21.0 |     165 |      80 |  32.7
            +---------+---------+-------+---------+---------+-------
        D:1 |      38 |       0 |   0.0 |      21 |       0 |   0.0
        D:2 |      45 |      21 |  31.8 |      21 |       4 |  16.0
        D:3 |     115 |      10 |   8.0 |      25 |       2 |   7.4
        D:4 |     139 |       0 |   0.0 |      16 |       0 |   0.0
        D:5 |     282 |     747 |  72.6 |      14 |      22 |  61.1
        D:6 |     925 |      14 |   1.5 |      29 |       2 |   6.5
        D:7 |     842 |       0 |   0.0 |      21 |       0 |   0.0
        D:8 |     768 |       0 |   0.0 |      15 |       0 |   0.0
        D:9 |     535 |       0 |   0.0 |       3 |       0 |   0.0
      Sewer |       0 |     191 | 100.0 |       0 |      50 | 100.0
            +---------+---------+-------+---------+---------+-------
